 Dungeon Crawl Stone Soup version 0.18-b1-22-ge198996 (webtiles) character file.

382 theY the Shield-Bearer (level 6, 0/53 HPs)
             Began as a Hill Orc Fighter on May 4, 2016.
             Slain by an orc warrior
             ... wielding a +0 war axe
              (7 damage)
             ... on level 4 of the Dungeon.
             The game lasted 00:03:47 (2207 turns).

theY the Shield-Bearer (Hill Orc Fighter)           Turns: 2207, Time: 00:03:49

Health: 0/53       AC: 13    Str: 19    XL:     6   Next: 76%
Magic:  6/6        EV:  4    Int:  8    God:
Gold:   89         SH: 10    Dex: 12    Spells: 0 memorised, 5 levels left

rFire  . . .     SeeInvis .     j - +1 whip (flame)
rCold  . . .     Gourm    .     z - +0 plate armour
rNeg   . . .     Faith    .     c - +0 shield
rPois  .         Spirit   .     (no helmet)
rElec  .         Dismiss  .     v - +0 cloak
rCorr  .         Reflect  .     (no gloves)
SustAt .         Harm     .     (no boots)
MR     .....                    (no amulet)
Stlth  ..........               (no ring)
                                (no ring)

@: not resistant to hostile enchantments, extremely unstealthy
A: no striking features
a: no special abilities


You were on level 4 of the Dungeon.
You were not hungry.

You visited 1 branch of the dungeon, and saw 4 of its levels.

You collected 89 gold pieces.

Inventory:

Hand Weapons
 a - a +0 war axe
 j - a +1 whip of flaming (weapon)
 u - a cursed -3 dagger
Missiles
 g - 8 poisoned needles
Armour
 b - a +0 scale mail
 c - a +0 shield (worn)
 v - a +0 cloak (worn)
 z - a +0 plate armour (worn)
Jewellery
 o - an uncursed ring of flight {unknown}
 p - a cursed -2 ring of evasion {unknown}
Wands
 r - a wand of flame (14/48)
 y - a wand of flame (9/48)
Scrolls
 e - 2 scrolls of noise {unknown}
 i - 2 scrolls of identify {unknown}
 n - a scroll of blinking {unknown}
 q - a scroll of amnesia {unknown}
 s - 2 scrolls of teleportation {unknown}
 x - a scroll of magic mapping {unknown}
 A - a scroll of remove curse {unknown}
 B - a scroll of fog {unknown}
Potions
 d - a potion of might
 h - a potion of mutation {unknown}
 k - a potion of curing {unknown}
 m - a potion of beneficial mutation {unknown}
 t - 2 potions of heal wounds
 w - 2 potions of degeneration {unknown}
Comestibles
 f - 4 bread rations
 l - 2 meat rations


   Skills:
 + Level 4.7 Fighting
 + Level 3.5(4.0) Axes
 + Level 2.1(2.8) Maces & Flails
 + Level 4.6 Armour
 + Level 2.1 Dodging
 + Level 0.3 Stealth
 + Level 5.0 Shields


You had 5 spell levels left.
You didn't know any spells.

Dungeon Overview and Level Annotations

Branches:
Dungeon (4/15)
 Temple: D:4-7

Altars:
Cheibriados
Nemelex Xobeh
Sif Muna


Message History

You hit the orc warrior. You burn the orc warrior.
The orc warrior is moderately wounded.
Something hits you but does no damage. The orc warrior barely misses you.
You hit the orc warrior but do no damage.
The orc warrior is moderately wounded.
Something hits you but does no damage.
The orc warrior hits you with a war axe.
Something hits you.
You hit the orc warrior but do no damage.
The orc warrior is moderately wounded.
You block something's attack.
The orc warrior hits you with a war axe!!
* * * LOW HITPOINT WARNING * * *
You hit the orc warrior but do no damage.
The orc warrior is moderately wounded.
You hear some strange, mumbled words.
A puff of frost appears from out of thin air!
The puff of frost hits you! Something completely misses you.
The orc warrior hits you with a war axe!
You die...

#####.# #@o...#
#.#####
#######o#######
....l.olo......
#######.#######
#<).oo...
#.####### #.#
#..


You could see an orc warrior, 3 orcs and a giant newt.

Vanquished Creatures
  2 ogres
  A giant frog (D:3)
  A centaur skeleton (D:3)
  Crazy Yiuf (D:3)
  A gnoll (D:1)
  An adder (D:3)
  3 worms
  A dart slug (D:1)
  A giant gecko (D:1)
  2 orcs (D:3)
  3 bats
  3 giant cockroaches
  10 goblins
  11 hobgoblins
  7 jackals
  4 giant newts (D:2)
  6 kobolds
  2 rats
60 creatures vanquished.

Notes
Turn   | Place    | Note
--------------------------------------------------------------
     0 | D:1      | theY the Hill Orc Fighter began the quest for the Orb.
     0 | D:1      | Reached XP level 1. HP: 19/19 MP: 1/1
    40 | D:1      | Reached XP level 2. HP: 25/27 MP: 2/2
    73 | D:2      | Found a deep blue altar of Sif Muna.
   146 | D:2      | Found a sparkling altar of Nemelex Xobeh.
   187 | D:2      | Reached skill level 4 in Shields
   192 | D:2      | Reached XP level 3. HP: 26/33 MP: 3/3
  1109 | D:3      | Reached XP level 4. HP: 22/40 MP: 4/4
  1313 | D:3      | Noticed an ogre
  1324 | D:3      | Killed an ogre
  1324 | D:3      | Reached skill level 1 in Maces & Flails
  1324 | D:3      | Reached XP level 5. HP: 33/46 MP: 5/5
  1386 | D:3      | Found a snail-covered altar of Cheibriados.
  1464 | D:3      | Reached skill level 1 in Dodging
  1687 | D:3      | Reached XP level 6. HP: 45/53 MP: 6/6
  1831 | D:3      | Noticed Crazy Yiuf
  1843 | D:3      | Killed Crazy Yiuf
  2180 | D:4      | Noticed an orc warrior
  2187 | D:4      | Reached skill level 5 in Shields
  2207 | D:4      | Slain by an orc warrior

Skill      XL: |  1  2  3  4  5  6 |
---------------+-------------------+-----
Axes           | 3 |  3.5
Shields        | 4 5 |  5.0
Fighting       | 4 |  4.7
Maces & Flails | 1 2 |  2.1
Armour         | 4 |  4.6
Dodging        | 1 2 |  2.1
Stealth        | |  0.3

Action                   |  1- 3 |  4- 6 || total
-------------------------+-------+-------++-------
Melee: War axe           |    34 |       ||    34
       Whip              |    75 |   127 ||   202
  Use: Potion            |       |     1 ||     1
  Eat: Chunk             |       |     5 ||     5
Armor: Scale mail        |    39 |    36 ||    75
       Plate armour      |       |    11 ||    11
Dodge: Dodged            |    19 |    31 ||    50
Block: Shield            |    45 |    57 ||   102
